 Dungeon Crawl Stone Soup version 0.18.1-5-g4a78601 (webtiles) character file.

106 oplop the Insei (level 4, -1/43 HPs)
             Began as an Octopode Transmuter on May 9, 2016.
             Slain by a gnoll
             ... wielding a +0 spear
              (5 damage)
             ... on level 2 of the Dungeon.
             The game lasted 00:04:53 (2476 turns).

oplop the Insei (Octopode Transmuter)               Turns: 2476, Time: 00:04:54

Health: -1/43      AC:  1    Str: 14    XL:     4   Next: 84%
Magic:  6/7        EV: 12    Int: 16    God:
Gold:   145        SH:  0    Dex: 12    Spells: 3 memorised, 2 levels left

rFire  . . .     SeeInvis .       - Unarmed
rCold  . . .     Gourm    .     (no shield)
rNeg   . . .     Faith    .     (helmet restricted)
rPois  .         Spirit   .     (no amulet)
rElec  .         Dismiss  .     (no ring)
rCorr  .         Reflect  .     (no ring)
SustAt .         Harm     .     (no ring)
MR     .....                    (no ring)
Stlth  ..........               (no ring)
                                (no ring)
                                (no ring)
                                (no ring)

@: berserking, very quick, not resistant to hostile enchantments, extremely
unstealthy
A: almost no armour, amphibious, 8 rings, constrict 8, camouflage 1, gelatinous
body 1
a: no special abilities


You were on level 2 of the Dungeon.
You were not hungry.

You visited 1 branch of the dungeon, and saw 3 of its levels.

You collected 145 gold pieces.

Inventory:

Missiles
 a - 28 arrows
Jewellery
 o - a cursed ring of loudness {unknown}
 p - an uncursed ring of stealth {unknown}
 q - a +2 ring of evasion {unknown}
Scrolls
 e - a scroll of amnesia {unknown}
 f - a scroll of noise {unknown}
 g - 2 scrolls of magic mapping {unknown}
 h - 6 scrolls of identify {unknown}
 i - 2 scrolls of remove curse {unknown}
 l - 3 scrolls of fear {unknown}
 n - a scroll of enchant weapon {unknown}
 r - 2 scrolls of recharging {unknown}
 s - a scroll of random uselessness {unknown}
Potions
 d - a potion of cancellation {unknown}
 k - a potion of curing {unknown}
 m - a potion of degeneration {unknown}
Books
 b - a book of Changes

   Spells                             Type                      Level
   a - Beastly Appendage              Transmutation                1
   b - Sticks to Snakes               Transmutation                2
   c - Spider Form                    Transmutation/Poison         3
   d - Ice Form                       Ice/Transmutation            4
   e - Blade Hands                    Transmutation                5
Comestibles
 c - 4 bread rations


   Skills:
 + Level 1.7 Fighting
 + Level 2.4 Dodging
 + Level 3.6 Unarmed Combat
 + Level 2.5 Spellcasting
 * Level 3.3 Transmutations


You had 2 spell levels left.
You knew the following spells:

 Your Spells              Type           Power        Failure   Level  Hunger
a - Beastly Appendage     Trmt           ##....       8%          1    #......
b - Sticks to Snakes      Trmt           ##......     10%         2    ##.....
c - Spider Form           Trmt/Pois      #.........   34%         3    ###....


Dungeon Overview and Level Annotations

Branches:
Dungeon (3/15)

Altars:
Zin


Innate Abilities, Weirdness & Mutations

You cannot wear most types of armour.
You are amphibious.
You can wear up to eight rings at the same time.
You can use your tentacles to constrict eight enemies at once.
Your skin changes colour to match your surroundings (Stealth).
Your rubbery body absorbs attacks (AC +1).


Message History

You barely miss the gnoll. You grab the gnoll.
You squeeze the gnoll, but do no damage.
You constrict the gnoll, but do no damage.
The gnoll closely misses you.
You barely miss the gnoll. You constrict the gnoll.
The gnoll hits you with a spear.
You tentacle-slap the gnoll but do no damage.
The gnoll is lightly wounded.
You constrict the gnoll. The gnoll hits you with a spear.
You tentacle-slap the gnoll but do no damage.
You squeeze the gnoll.
The gnoll is moderately wounded.
You constrict the gnoll. The gnoll hits you with a spear!
* * * LOW HITPOINT WARNING * * *
Drink which item? (? for menu, Esc to quit)
It was a potion of berserk rage.
A red film seems to cover your vision as you go berserk!
You feel yourself moving faster!
You feel mighty!
You constrict the gnoll. The gnoll hits you with a spear.
You die...

##### ##...## #..#..#
##.###.#
######...#..#########
................†...######
###
...............)@).......#
#..
...............g###.####.#
#.. .###............#
#.####.#### #..
..#####.#.......#
#...[[....# ##. .#.#
###.......# ######.##.# #.
..#######.......### #.##.#
#. .......##......<..#
#.##.# #.
.#####.##########.# #.##.#
#. .# #.# #.# #.##.# #.


You could see a gnoll.

Vanquished Creatures
  4 adders
  3 gnolls (D:2)
  A dart slug (D:3)
  2 giant geckos (D:1)
  2 orcs (D:3)
  A giant cockroach (D:2)
  8 goblins
  3 hobgoblins
  2 ball pythons
  4 bats
  3 giant newts (D:2)
  2 kobolds
  4 rats
39 creatures vanquished.

Vanquished Creatures (collateral kills)
  A rat (D:2)
1 creature vanquished.

Grand Total: 40 creatures vanquished

Notes
Turn   | Place    | Note
--------------------------------------------------------------
     0 | D:1      | oplop the Octopode Transmuter began the quest for the Orb.
     0 | D:1      | Reached XP level 1. HP: 13/13 MP: 3/3
   284 | D:1      | Reached XP level 2. HP: 17/18 MP: 3/5
   687 | D:2      | Learned a level 2 spell: Sticks to Snakes
   791 | D:2      | Reached XP level 3. HP: 23/23 MP: 6/6
  1131 | D:2      | Learned a level 3 spell: Spider Form
  1654 | D:3      | Reached XP level 4. HP: 25/28 MP: 3/7
  1905 | D:3      | Found a glowing silver altar of Zin.
  2476 | D:2      | Slain by a gnoll

Skill      XL: |  1  2  3  4 |
---------------+-------------+-----
Transmutations | 3 |  3.3
Fighting       | |  1.7
Dodging        | |  2.4
Unarmed Combat | |  3.6
Spellcasting   | |  2.5

Action                   |  1- 3 |  4- 6 || total
-------------------------+-------+-------++-------
Melee: Unarmed           |    66 |    31 ||    97
       Constrict         |    18 |     7 ||    25
       Kick              |     7 |     3 ||    10
       Tentacles         |     5 |     4 ||     9
       Punch             |     4 |       ||     4
 Cast: Beastly Appendage |    12 |     3 ||    15
       Sticks to Snakes  |     4 |       ||     4
       Spider Form       |     1 |     2 ||     3
  Use: Potion            |       |     1 ||     1
 Stab: Sleeping          |     8 |       ||     8
  Eat: Meat ration       |     1 |       ||     1
       Chunk             |     1 |       ||     1
Armor: Skin              |     4 |     1 ||     5
Dodge: Dodged            |    33 |    15 ||    48
